 Dungeon Crawl Stone Soup version 0.21.1-1-g345015fe64 (webtiles) character file.

138 Kholdaimon the Chopper (level 5, -1/45 HPs)
             Began as a Minotaur Fighter on June 16, 2018.
             Was an Initiate of the Shining One.
             Slain by a centaur (4 damage)
             ... on level 3 of the Dungeon.
             The game lasted 00:12:49 (2141 turns).

Kholdaimon the Chopper (Minotaur Fighter)           Turns: 2141, Time: 00:12:50

Health: -1/45      AC:  7    Str: 21    XL:     5   Next: 1%
Magic:  4/4        EV:  7    Int:  5    God:    the Shining One [......]
Gold:   155        SH:  9    Dex: 10    Spells: 4/4 levels left

rFire    . . .     SeeInvis .   a - +0 war axe
rCold    . . .     Gourm    .   c - +0 shield
rNeg     . . .     Faith    .   b - +0 scale mail
rPois    .         Spirit   .   (helmet restricted)
rElec    .         Reflect  .   (no cloak)
rCorr    .         Harm     .   (no gloves)
MR       .....                  (no boots)
Stlth    ..........             (no amulet)
HPRegen  0.15/turn              (no ring)
MPRegen  0.09/turn              (no ring)

@: glowing
A: retaliatory headbutt, horns 2
a: Renounce Religion


You were on level 3 of the Dungeon.
You worshipped the Shining One.
The Shining One was noncommittal.
You were very hungry.

You visited 1 branch of the dungeon, and saw 3 of its levels.

You collected 155 gold pieces.

Inventory:

Hand Weapons
 a - a +0 war axe (weapon)
Missiles
 m - 10 poisoned needles
 u - 2 tomahawks of returning (quivered)
Armour
 b - a +0 scale mail (worn)
 c - a +0 shield (worn)
Wands
 q - a wand of iceblast (5)
Scrolls
 g - 2 scrolls of blinking {unknown}
 h - 2 scrolls of teleportation {unknown}
 j - 3 scrolls of remove curse {unknown}
 k - 9 scrolls of identify {unknown}
 s - a scroll of enchant armour {unknown}
Potions
 d - 3 potions of might
 e - 2 potions of curing {unknown}
 i - a potion of invisibility {unknown}
 l - a potion of cancellation {unknown}
 n - a potion of brilliance {unknown}
 o - a potion of agility {unknown}
 p - a potion of heal wounds {unknown}
 r - a potion of resistance {unknown}
 t - a potion of flight {unknown}
Comestibles
 f - 12 rations


   Skills:
 - Level 3.6 Fighting
 * Level 5.6 Axes
 - Level 3.7 Armour
 + Level 4.5 Shields


You had 4 spell levels left.
You didn't know any spells.

Dungeon Overview and Level Annotations

Branches:
Dungeon (3/15)

Altars:
Fedhas
Gozag
Trog
Vehumet
The Shining One


Innate Abilities, Weirdness & Mutations

You reflexively headbutt those who attack you in melee.
You have a pair of horns on your head.


Message History

The arrow closely misses you.
You see here an arrow.
The centaur shoots an arrow.
The arrow hits you!
* * * LOW HITPOINT WARNING * * *
You see here 2 arrows.
The centaur shoots an arrow.
You block the arrow.
The centaur shoots an arrow.
The arrow hits you!
* * * LOW HITPOINT WARNING * * *
You see here an arrow.
The centaur unwields an uncursed shortbow.
You block the centaur's attack.
You see here 2 arrows.
You hit the centaur.
The centaur is lightly wounded.
You block the centaur's attack. The centaur hits you.
* * * LOW HITPOINT WARNING * * *
You hit the centaur.
The centaur is moderately wounded.
The centaur hits you.
You die...

#########.#.#
##########.#.######
#########.#.############.#.#
........................>#.#
.########.#.........######.#
.# #......#########.# #...#
.# #.###### #.# #.### .# #.#
#.# #.# .###'###### #####.#
#.# ............###(@((.#
#.#
............#.(c########.#
..............#.###......#
.....##................###
.##### .....####.####..# .#
.....##.....##..# .#
c....#.......#..# >
.....#.......#..#
........._......#


You could see a centaur.

Vanquished Creatures
  A scorpion (D:3)
  An orc wizard (D:3)
  An adder (D:2)
  A dart slug (D:2)
  A leopard gecko (D:2)
  4 orcs (D:3)
  A ball python (D:1)
  6 bats
  3 giant cockroaches
  3 hobgoblins
  4 kobolds
  A quokka (D:2)
  3 frilled lizards
  6 goblins
  8 rats
  A bush (D:2)
  A plant (D:2)
46 creatures vanquished.

Notes
Turn   | Place    | Note
-------+----------+-------------------------------------------
     0 | D:1      | Kholdaimon the Minotaur Fighter began the quest for the Orb.
     0 | D:1      | Reached XP level 1. HP: 19/19 MP: 0/0
   206 | D:1      | Reached XP level 2. HP: 25/26 MP: 1/1
   316 | D:1      | Reached skill level 3 in Axes
   762 | D:2      | Found a glowing golden altar of the Shining One.
   771 | D:2      | Became a worshipper of the Shining One
   784 | D:2      | Reached XP level 3. HP: 31/31 MP: 2/2
   955 | D:2      | Found a blossoming altar of Fedhas.
   955 | D:2      | Found a radiant altar of Vehumet.
   956 | D:2      | Found an opulent altar of Gozag.
  1362 | D:2      | Reached skill level 4 in Axes
  1579 | D:3      | Reached XP level 4. HP: 28/39 MP: 3/3
  1618 | D:3      | Reached skill level 5 in Axes
  1845 | D:3      | Reached XP level 5. HP: 45/45 MP: 4/4
  2047 | D:3      | Found a bloodstained altar of Trog.
  2128 | D:3      | Noticed a centaur
  2141 | D:3      | Slain by a centaur

Skill      XL: |  1  2  3  4 |
---------------+-------------+-----
Shields        | 4 |  4.5
Axes           | 3 4 5 |  5.6
Fighting       | |  3.6
Armour         | |  3.7

Action                   |  1- 3 |  4- 6 || total
-------------------------+-------+-------++-------
Melee: War axe           |   131 |    12 ||   143
       Headbutt          |    31 |     1 ||    32
  Eat: Chunk             |     2 |     1 ||     3
Armor: Scale mail        |    27 |     1 ||    28
Dodge: Dodged            |    20 |     4 ||    24
Block: Shield            |    30 |     9 ||    39
